 Dungeon Crawl Stone Soup version 0.30-a0-534-gdc55766716 (webtiles) character file.

Game seed: 3229558738278631729

1307 cforsyth the Ruffian (level 8, 0/69 HPs)
             Began as a Grey Draconian Transmuter on Dec 24, 2022.
             Slain by a water moccasin (7 damage)
             ... on level 6 of the Dungeon.
             The game lasted 00:08:24 (5787 turns).

cforsyth the Ruffian (Grey Draconian Transmuter)    Turns: 5787, Time: 00:08:25

Health: 0/69       AC: 11    Str: 14    XL:     8   Next: 32%
Magic:  15/15      EV: 12    Int: 13    God:
Gold:   243        SH:  0    Dex: 13    Spells: 14/17 levels left

rFire   . . .      SeeInvis .      - Unarmed
rCold   . . .      Faith    .    (no shield)
rNeg    . . .      Spirit   .    (body armour unavailable)
rPois   .          Reflect  .    (helmet currently unavailable)
rElec   .          Harm     .    (no cloak)
rCorr   .          Rampage  .    (no gloves)
Will    .....                    (boots currently unavailable)
Stlth   +                        (no amulet)
HPRegen 0.31/turn                (no ring)
MPRegen 0.14/turn                (no ring)

@: brilliant, lethally poisoned (0 -> -11), appendages
A: horns 2, talons 2, AC +11, amphibious, unfitting armour, cold-blooded
a: End Transformation


You were on level 6 of the Dungeon.
You had temporarily grown beastly horns and talons.
You visited 1 branch of the dungeon, and saw 6 of its levels.

You collected 243 gold pieces.

Inventory:

Jewellery
 j - a ring of fire
 o - a +6 ring of dexterity
Wands
 e - a wand of charming (9)
 m - a wand of flame (24)
 s - a wand of roots (8)
Scrolls
 g - a scroll of fear {unknown}
 l - 2 scrolls of poison {unknown}
 n - 4 scrolls of identify {unknown}
 p - a scroll of noise {unknown}
 r - a scroll of amnesia {unknown}
 t - a scroll of magic mapping {unknown}
Potions
 a - 2 potions of lignification
 b - a potion of cancellation {unknown}
 c - a potion of berserk rage {unknown}
 d - a potion of degeneration {unknown}
 f - a potion of haste {unknown}
 h - 2 potions of brilliance
 i - 2 potions of might {unknown}
 k - 2 potions of mutation {unknown}
 q - 2 potions of curing {unknown}


   Skills:
 + Level 5.4 Fighting
 - Level 2.1 Dodging
 + Level 5.8 Unarmed Combat
 + Level 5.0 Spellcasting
 + Level 5.3 Transmutations


You had 14 spell levels left.
You knew the following spells:

 Your Spells              Type           Power      Damage    Failure   Level
a - Beastly Appendage     Tmut           50%        N/A       1%          1
b - Wereblood             Tmut           25%        N/A       3%          2

Your spell library contained the following spells:

 Spells                   Type           Power      Damage    Failure   Level
 Spider Form              Tmut/Pois      15%        N/A       19%         3
 Ice Form                 Ice/Tmut       15%        N/A       52%         4


Dungeon Overview and Level Annotations

Branches:
Dungeon (6/15)
 Temple: D:4-7

Altars:
Vehumet
The Shining One

Shops:
D:2 !=

Annotations:
D:2 1 runed translucent door, Crazy Yiuf


Innate Abilities, Weirdness & Mutations

You have temporarily grown beastly horns and talons.
Your dull iron-grey scales are very hard. (AC +11)
You are amphibious.
You cannot fit into any form of body armour.
You are cold-blooded and may be slowed by cold attacks.


Message History

Your punch misses the water moccasin.
The water moccasin is moderately wounded.
You feel very sick. The water moccasin misses you.
You miss the water moccasin. Your punch misses the water moccasin.
The water moccasin is moderately wounded.
You feel very sick. The water moccasin bites you!
You are more poisoned.
The water moccasin poisons you!
You miss the water moccasin. Your punch misses the water moccasin.
The water moccasin is moderately wounded.
You feel very sick. The water moccasin barely misses you.
The water moccasin bites you.
You are lethally poisoned!
The water moccasin poisons you!
You hit the water moccasin.
You claw the water moccasin, but do no damage.
You headbutt the water moccasin, but do no damage.
The water moccasin is heavily wounded.
You feel very sick. The water moccasin bites you.
* * * LOW HITPOINT WARNING * * *
You closely miss the water moccasin. Your kick misses the water moccasin.
The water moccasin is heavily wounded.
* * * LOW HITPOINT WARNING * * *
You feel very sick. The water moccasin closely misses you.
You barely miss the water moccasin. You claw the water moccasin.
The water moccasin is heavily wounded.
* * * LOW HITPOINT WARNING * * *
You feel very sick.
The water moccasin bites you but does no damage.
It was a potion of brilliance.
You feel clever all of a sudden.
* * * LOW HITPOINT WARNING * * *
You feel very sick.
The water moccasin bites you but does no damage.
The water moccasin bites you!
You die...

#.... #...#
#...# +...#
#...# #"..#
#S..# ########
#@..#
#.)....####...#
##.#......##...+
#..##.....##...#
#.###......#(..#
#.# ###........#
#.# ##########
### #.# #.# #.#
#.# #.# #.# #.#
#.#######


You could see a water moccasin.

Vanquished Creatures
  Prince Ribbit (D:5)
  A black bear (D:5)
  An ice beast (D:6)
  An orc warrior (D:6)
  A phantom (D:5)
  A bullfrog (D:6)
  A necrophage (D:4)
  2 howler monkeys
  A hound (D:5)
  A jelly (D:5)
  A gnoll bouda (D:5)
  4 orc priests
  4 orc wizards (D:5)
  7 gnolls (D:5)
  8 adders
  A shadow imp (D:6)
  A white imp (D:5)
  2 worms
  7 dart slugs
  11 orcs
  5 bats
  11 endoplasms
  4 giant cockroaches
  6 goblins
  6 hobgoblins
  4 jackals
  3 quokkas
  6 ball pythons
  A frilled lizard (D:2)
  11 kobolds
  3 rats
117 creatures vanquished.

Vanquished Creatures (others)
  A plant (D:3)
1 creature vanquished.

Grand Total: 118 creatures vanquished

Notes
Turn   | Place    | Note
-------+----------+-------------------------------------------
     0 | D:1      | cforsyth the Draconian Transmuter began the quest for the
                  | Orb.
     0 | D:1      | Reached XP level 1. HP: 16/16 MP: 3/3
   231 | D:1      | Reached XP level 2. HP: 21/23 MP: 3/5
   666 | D:1      | Reached XP level 3. HP: 29/29 MP: 4/6
  1013 | D:2      | Found Wenwam's Jewellery Shoppe.
  1031 | D:2      | Found Uheuced's Distillery.
  1306 | D:2      | Found a runed translucent door.
  1307 | D:2      | Noticed Crazy Yiuf
  1424 | D:2      | Reached XP level 4. HP: 35/36 MP: 7/7
  2473 | D:3      | Learned a level 2 spell: Wereblood
  2585 | D:4      | Reached XP level 5. HP: 42/42 MP: 6/9
  3038 | D:4      | Found a glowing golden altar of the Shining One.
  3264 | D:4      | Reached XP level 6. HP: 25/51 MP: 10/10
  3510 | D:5      | Entered Level 5 of the Dungeon
  3636 | D:5      | Noticed Prince Ribbit
  4310 | D:5      | Killed Prince Ribbit
  4477 | D:5      | Your scales start taking on a dull iron-grey colour.
  4477 | D:5      | Reached XP level 7. HP: 57/59 MP: 12/12
  4641 | D:5      | Reached skill level 5 in Unarmed Combat
  5020 | D:5      | Reached XP level 8. HP: 48/67 MP: 11/14
  5139 | D:5      | Reached skill level 5 in Fighting
  5139 | D:5      | Reached skill level 5 in Transmutations
  5243 | D:5      | Found a radiant altar of Vehumet.
  5760 | D:6      | Reached skill level 5 in Spellcasting
  5787 | D:6      | Slain by a water moccasin

Illustrated notes

Levels and vault maps discovered:
D:1:      dpeg_arrival_round_a, layout_basic, amethyst_killhole
D:2:      layout_basic, serial_shops, nicolae_shop_statue_plus, shop,
          minmay_tetromino_o2, uniq_crazy_yiuf_cottage
D:3:      layout_basic, serial_bayou_pond_e
D:4:      layout_loops_cross, general_overflow_altar, minmay_crystal_water,
          minmay_misc_feat_tiny
D:5:      layout_basic, fiery_altar_vehumet, minmay_misc_feat_hallway,
          uniq_prince_ribbit1
D:6:      minmay_opposing_rooms, layout_loops_ring,
          nicolae_gozag_cash_rules_everything_around_me, zin_academy

Skill      XL: |  1  2  3  4  5  6  7  8 |
---------------+-------------------------+-----
Dodging        | 2 |  2.1
Fighting       | 2 3 4 5 |  5.4
Transmutations | 3 4 5 |  5.3
Spellcasting   | 3 4 5 |  5.0
Unarmed Combat | 4 5 |  5.8

Action                   |  1- 3 |  4- 6 |  7- 9 || total
-------------------------+-------+-------+-------++-------
Melee: Unarmed           |   101 |   130 |   133 ||   364
       Kick              |    17 |    30 |    31 ||    78
       Headbutt          |    11 |    28 |    26 ||    65
       Punch             |     2 |     2 |     5 ||     9
       Tailslap          |     7 |    12 |    19 ||    38
 Cast: Beastly Appendage |    29 |    31 |    13 ||    73
       Wereblood         |       |     1 |     9 ||    10
  Use: Potion            |       |       |     1 ||     1
 Stab: Sleeping          |     1 |     1 |       ||     2
Armor: Skin              |    27 |    27 |    32 ||    86
Dodge: Dodged            |    63 |    75 |    83 ||   221

Table legend: (Time is in decaauts)
 A = Elapsed time spent in this place.
 B = Non-inter-level travel time spent in this place.
 C = Inter-level travel time spent in this place.
 D = Time resting spent in this place.
 E = Time spent auto-exploring this place.
 F = Levels seen in this place.
 G = Mean time per level.
                   A        B        C        D        E       F      G
               +--------+--------+--------+--------+--------+-----+--------+
         Total |   5766 |   5606 |    160 |    910 |   3854 |   6 |  961.0 |
       Dungeon |   5766 |   5606 |    160 |    910 |   3854 |   6 |  961.0 |
               +--------+--------+--------+--------+--------+-----+--------+

Top non-repeatable levels by time:
     D:4: 1543 daAuts
     D:5: 1256 daAuts
     D:3: 955 daAuts
     D:1: 888 daAuts
     D:2: 727 daAuts
     D:6: 396 daAuts
